 Dungeon Crawl Stone Soup version 0.29-a0-553-g81b289dbe5 (webtiles) character file.

Game seed: 11079309666802483639

1584 ptdevnull the Destroyer (level 8, -1/57 HPs)
             Began as a White Draconian Conjurer on June 7, 2022.
             Was a Follower of Vehumet.
             Slain by a wraith (3 damage)
             ... in an ossuary.
             The game lasted 00:16:37 (6932 turns).

ptdevnull the Destroyer (White Draconian Conjurer)  Turns: 6932, Time: 00:16:38

Health: -1/57      AC:  6    Str: 10    XL:     8   Next: 61%
Magic:  5/18       EV: 12    Int: 21    God:    Vehumet [*.....]
Gold:   227        SH:  0    Dex:  9    Spells: 9/20 levels left

rFire   . . .      SeeInvis .   e - +1 short sword (elec)
rCold   + . .      Faith    .   (no shield)
rNeg    . . .      Spirit   .   (body armour unavailable)
rPois   .          Reflect  .   (helmet restricted)
rElec   .          Harm     .   (no cloak)
rCorr   .          Rampage  .   (no gloves)
Will    .....                   (no boots)
Stlth   ++........              (no amulet)
HPRegen 0.19/turn               (no ring)
MPRegen 0.16/turn               (no ring)

@: mighty, slowed, very slow
A: breathe frost, AC +6, unfitting armour, cold resistance 1, cold-blooded
a: Breathe Frost, Renounce Religion


You were in an ossuary.
You worshipped Vehumet.
Vehumet was aware of your devotion.
You visited 2 branches of the dungeon, and saw 7 of its levels.
You also visited: Ossuary.

You collected 227 gold pieces.

Inventory:

Hand Weapons
 c - a +0 dagger
 e - a +1 short sword of electrocution (weapon)
 v - a +1 shortbow of flaming
 x - a +3 hand axe of freezing
 y - a +2 mace of freezing
Wands
 o - a wand of mindburst (21)
 u - a wand of charming (6)
Scrolls
 a - a scroll of poison
 i - a scroll of fog
 n - 2 scrolls of identify
 r - a scroll of teleportation {unknown}
 s - 4 scrolls of noise
Potions
 b - 2 potions of mutation
 d - 2 potions of attraction {unknown}
 f - a potion of flight
 g - 2 potions of resistance
 h - a potion of ambrosia {unknown}
 j - a potion of degeneration {unknown}
 k - a potion of curing
 m - a potion of invisibility {unknown}
 p - 3 potions of lignification
 q - a potion of haste {unknown}
 t - a potion of cancellation {unknown}
 w - a potion of berserk rage {unknown}


   Skills:
 - Level 1.7 Dodging
 - Level 1.7 Stealth
 + Level 6.7 Spellcasting
 + Level 8.7 Conjurations
 + Level 2.7 Hexes


You had 9 spell levels left.
You knew the following spells:

 Your Spells              Type           Power      Damage    Failure   Level
a - Magic Dart            Conj           100%       1d8       1%          1
b - Searing Ray           Conj           86%        2d7       1%          2
c - Dazzling Flash        Conj/Hex       62%        N/A       2%          3
d - Fulminant Prism       Conj/Hex       15%        3d11      9%          4
e - Freeze                Ice            28%        1d5       9%          1

Your spell library contained the following spells:

 Spells                   Type           Power      Damage    Failure   Level
 Sting                    Tmut/Pois      28%        1d4       9%          1
 Poisonous Vapours        Pois/Air       14%        N/A       14%         2
 Iskenderun's Mystic Bla  Conj/Tloc      25%        2d7       16%         4
 Cause Fear               Hex            9%         N/A       30%         4
 Olgreb's Toxic Radiance  Pois           7%         N/A       65%         4
 Dragon Form              Tmut           3%         N/A       100%        7
 Dragon's Call            Summ           3%         N/A       100%        9


Dungeon Overview and Level Annotations

Branches:
Dungeon (6/15)             Temple (1/1) D:4         Ossuary (1/1)

Altars:
Ashenzari
Cheibriados
Dithmenos
Elyvilon
Fedhas
Gozag
Hepliaklqana
Kikubaaqudgha
Makhleb
Nemelex Xobeh
Okawaru
Qazlal
Ru
Sif Muna
Trog
Uskayaw
Vehumet
Wu Jian
Xom
Yredelemnul
Zin

Annotations:
D:3 1 runed translucent door, Crazy Yiuf


Innate Abilities, Weirdness & Mutations

You can breathe waves of freezing cold which knock back foes.
Your icy white scales are hard. (AC +6)
You cannot fit into any form of body armour.
Your flesh is cold resistant. (rC+)
You are cold-blooded and may be slowed by cold attacks.


Message History

The wraith is heavily damaged.
The wraith closely misses you. x2
The searing ray hits the wraith but does no damage.
The wraith is heavily damaged.
You finish channelling your searing ray.
The wraith hits you!
* * * LOW HITPOINT WARNING * * *
The wraith drains your vigour!
You feel as though you will be slow longer.
Casting: Searing Ray (safe; 1% risk of failure)
Confirm with . or Enter, or press ? or * to list all spells.
Aiming: Searing Ray (safe; 1% risk of failure)
Press: ? - help, Shift-Dir - straight line, f/p - wraith
Aim: a wraith (heavily damaged, 82% to hit)
The searing ray hits the wraith but does no damage.
The wraith is heavily damaged. (Press . to maintain the ray.)
The wraith barely misses you. The wraith hits you!
* * * LOW HITPOINT WARNING * * *
You feel better. The wraith closely misses you.
Unknown command.
You feel very mighty all of a sudden. The wraith barely misses you.
The wraith hits you!
* * * LOW HITPOINT WARNING * * *
You hit the wraith but do no damage.
Your tail-slap misses the wraith.
The wraith is heavily damaged.
The wraith barely misses you. x2
You closely miss the wraith.
The wraith is heavily damaged.
The wraith closely misses you.
You barely miss the wraith.
The wraith is heavily damaged.
The wraith misses you. The wraith hits you.
* * * LOW HITPOINT WARNING * * *
The wraith drains your vigour!
You feel as though you will be slow longer.
You puncture the wraith!
The wraith is almost destroyed.
The wraith hits you but does no damage. The wraith hits you.
You die...

#################
#...............#
#.[##..###..##W@#
#.#.#..#z#..#.#.#
#.###..###..###.# ### ########
#...............# #W# #.....##
#.###.......###.###▓#####.8.8.##
#.#z#.......#z#.'.....'.......'.
#.###.......###.###▓#####.8.8.##
#...............# #z# #.....##
#.###..###..###.# ### ########


You could see a wraith.

Vanquished Creatures
  Sigmund (D:5)
  A wraith (Ossuary)
  A black bear (D:5)
  An ogre (D:5)
  2 phantoms
  2 bullfrogs (D:5)
  4 scorpions
  2 wights (Ossuary)
  2 hounds (D:5)
  A gnoll shaman (D:5)
  3 orc priests (D:6)
  A jelly (D:4)
  An iguana (D:5)
  An orc wizard (D:4)
  3 gnolls (D:5)
  10 adders
  A white imp (D:5)
  An ufetubus (D:4)
  The ghost of DocClef the Covert, a weakling GnDe (D:5)
  4 dart slugs
  8 orcs
  12 bats
  5 endoplasms
  8 giant cockroaches
  9 goblins
  6 hobgoblins
  2 jackals (D:4)
  5 quokkas
  9 ball pythons
  3 ball python skeletons (Ossuary)
  2 frilled lizards (D:1)
  A hobgoblin skeleton (Ossuary)
  3 hobgoblin zombies (Ossuary)
  5 kobolds
  2 kobold zombies (Ossuary)
  An orc zombie (Ossuary)
  5 rats
129 creatures vanquished.

Vanquished Creatures (others)
  2 fulminant prisms (D:6)
2 creatures vanquished.

Grand Total: 131 creatures vanquished

Notes
Turn   | Place    | Note
-------+----------+-------------------------------------------
     0 | D:1      | ptdevnull the Draconian Conjurer began the quest for the
                  | Orb.
     0 | D:1      | Reached XP level 1. HP: 14/14 MP: 3/3
   288 | D:1      | Reached XP level 2. HP: 20/20 MP: 3/5
   376 | D:1      | Learned a level 2 spell: Searing Ray
  1361 | D:2      | Reached XP level 3. HP: 26/26 MP: 2/7
  1831 | D:2      | Reached XP level 4. HP: 33/33 MP: 4/8
  2225 | D:3      | Found a faded altar of an unknown god.
  2241 | D:3      | Reached skill level 5 in Conjurations
  3034 | D:3      | Found a runed translucent door.
  3035 | D:3      | Noticed Crazy Yiuf
  3105 | D:4      | Noticed a scorpion
  3115 | D:4      | Learned a level 3 spell: Dazzling Flash
  3120 | D:4      | Learned a level 4 spell: Fulminant Prism
  3139 | D:4      | Killed a scorpion
  3140 | D:4      | Reached XP level 5. HP: 10/38 MP: 6/10
  3386 | D:4      | Reached skill level 6 in Conjurations
  3509 | D:4      | Noticed a phantom
  3519 | D:4      | Killed a phantom
  3520 | D:4      | Reached XP level 6. HP: 39/45 MP: 0/12
  3978 | D:4      | Found a staircase to the Ecumenical Temple.
  4024 | Temple   | Entered the Ecumenical Temple
  4124 | Temple   | Became a worshipper of Vehumet
  4628 | D:5      | Entered Level 5 of the Dungeon
  4725 | D:5      | Reached skill level 5 in Spellcasting
  4725 | D:5      | Your scales start taking on an icy white colour.
  4725 | D:5      | Reached XP level 7. HP: 46/50 MP: 4/14
  4725 | D:5      | Gained mutation: Your flesh is cold resistant. (rC+) [White
                  | Draconian growth]
  4825 | D:5      | Reached skill level 7 in Conjurations
  4908 | D:5      | Noticed Sigmund
  5028 | D:5      | Found a runed translucent door.
  5029 | D:5      | Noticed DocClef's ghost (weakling GnDe)
  5120 | D:5      | Killed Sigmund
  5340 | D:5      | Reached * piety under Vehumet
  5340 | D:5      | Offered knowledge of Freeze by Vehumet.
  5343 | D:5      | Learned a level 1 spell: Freeze
  5511 | D:5      | Reached skill level 8 in Conjurations
  5511 | D:5      | Reached XP level 8. HP: 57/57 MP: 11/17
  5947 | D:5      | Reached skill level 1 in Hexes
  5947 | D:5      | Killed DocClef's ghost
  6182 | D:6      | Found a sand-covered staircase.
  6187 | Ossuary  | Entered an ossuary
  6362 | Ossuary  | Noticed a flying skull
  6395 | Ossuary  | Noticed a flying skull
  6396 | Ossuary  | Noticed a flying skull
  6545 | Ossuary  | Noticed a flying skull
  6910 | Ossuary  | Noticed a flying skull
  6931 | Ossuary  | HP: 2/57 [wraith (2)]
  6932 | Ossuary  | Slain by a wraith

Illustrated notes

Levels and vault maps discovered:
D:1:      wander_arrival_fairy_ring, layout_basic
D:2:      layout_rooms
D:3:      minmay_evil_eye, layout_basic, hellmonk_ecumenical_altar_run_dry,
          uniq_crazy_yiuf_cottage
D:4:      layout_loops_ring, minmay_temple_entry_poolview
D:5:      layout_loops_ring, ebering_ghost_sewer_d, gup_sewer_entry_pipe,
          uniq_sigmund
D:6:      layout_basic, serial_rivers, chequers_serial_rivers_room_b,
          chequers_serial_rivers_room_b, chequers_serial_rivers_marsh,
          chequers_serial_rivers_micro_c, chequers_serial_rivers_marsh,
          enter_ossuary_2, serial_bayou_pond_e, roderic_cross_of_infinity
Temple:   compressed_dpeg_circular_temple
Ossuary:  ossuary_due_cavern

Skill      XL: |  1  2  3  4  5  6  7  8 |
---------------+-------------------------+-----
Spellcasting   | 3 4 5 6 |  6.7
Conjurations   | 5 6 8 |  8.7
Hexes          | 2 |  2.7
Dodging        | |  1.7
Stealth        | |  1.7

Action                   |  1- 3 |  4- 6 |  7- 9 || total
-------------------------+-------+-------+-------++-------
Melee: Short sword       |    37 |    18 |    51 ||   106
       Unarmed           |     2 |       |       ||     2
       Tailslap          |     2 |     2 |     7 ||    11
       Punch             |       |       |     1 ||     1
 Cast: Magic Dart        |    60 |    76 |    14 ||   150
       Searing Ray       |     1 |    13 |    26 ||    40
       Fulminant Prism   |       |       |     2 ||     2
  Use: Potion            |       |     1 |     3 ||     4
       Scroll            |       |       |    14 ||    14
 Stab: Sleeping          |       |       |     3 ||     3
Armor: Skin              |    20 |    13 |    22 ||    55
Dodge: Dodged            |    46 |    31 |    65 ||   142

Table legend: (Time is in decaauts)
 A = Elapsed time spent in this place.
 B = Non-inter-level travel time spent in this place.
 C = Inter-level travel time spent in this place.
 D = Time resting spent in this place.
 E = Time spent auto-exploring this place.
 F = Levels seen in this place.
 G = Mean time per level.
                   A        B        C        D        E       F      G
               +--------+--------+--------+--------+--------+-----+--------+
         Total |   6992 |   6707 |    285 |   1014 |   4699 |   8 |  874.0 |
       Dungeon |   6074 |   5848 |    226 |    676 |   4319 |   6 | 1012.3 |
        Temple |    134 |     75 |     59 |      0 |     57 |   1 |  134.0 |
       Ossuary |    783 |    783 |      0 |    338 |    323 |   1 |  783.0 |
               +--------+--------+--------+--------+--------+-----+--------+

Top non-repeatable levels by time:
     D:5: 1489 daAuts
     D:4: 1445 daAuts
     D:1: 1219 daAuts
     D:3: 1015 daAuts
     D:2: 843 daAuts
 Ossuary: 783 daAuts
  Temple: 134 daAuts
     D:6: 62 daAuts
